 Dungeon Sprint DCSS version 0.21.0-24-g2553a33 (webtiles) character file.

64 letownia2 the Ruffian (level 3, -4/36 HPs)
             Began as a Troll Wizard on Jan 20, 2018.
             Slain by a water elemental (14 damage)
             ... in the Dungeon (Sprint III: "The Ten Rune Challenge").
             The game lasted 00:01:10 (199 turns).

letownia2 the Ruffian (Troll Wizard)                 Turns: 199, Time: 00:01:11

Health: -4/36      AC:  5    Str: 15    XL:     3   Next: 91%
Magic:  5/5        EV:  9    Int: 15    God:
Gold:   8          SH:  0    Dex:  8    Spells: 2/6 levels left

rFire    . . .     SeeInvis .     - Unarmed
rCold    . . .     Gourm    +   (no shield)
rNeg     . . .     Faith    .   a - +0 robe
rPois    .         Spirit   .   b - +0 hat
rElec    .         Reflect  .   (no cloak)
rCorr    .         Harm     .   (gloves unavailable)
MR       .....     NoTele   +   (boots unavailable)
Stlth    +.........             (no amulet)
HPRegen  0.52/turn              (no ring)
MPRegen  0.09/turn              (no ring)

@: engulfed (cannot breathe)
A: large, unfitting armour, claws 3, fast metabolism 3, gourmand, regeneration
1, shaggy fur 1, tough skin 2
a: no special abilities


You were in the Dungeon.
You were very full.

You visited 1 branch You collected 8 gold pieces.

Inventory:

Armour
 a - a +0 robe (worn)
 b - a +0 hat (worn)
Scrolls
 j - a scroll of blinking
 k - 4 scrolls of identify
 m - a scroll of torment {unknown}
 n - 4 scrolls of remove curse
 o - a scroll of immolation {unknown}
Potions
 e - a potion of curing
 f - a potion of heal wounds
 g - a potion of haste
 h - 4 potions of magic
 i - a potion of berserk rage
 p - 2 potions of flight
 q - 4 potions of mutation
Books
 c - a book of Minor Magic

   Spells                             Type                      Level
   a - Magic Dart                     Conjuration                  1
   b - Blink                          Translocation                2
   c - Call Imp                       Summoning                    2
   d - Slow                           Hexes                        2
   e - Conjure Flame                  Conjuration/Fire             3
   f - Mephitic Cloud                 Conjuration/Poison/Air       3
Comestibles
 d - 5 rations
 l - 5 chunks of flesh


   Skills:
 - Level 2.7 Fighting
 - Level 1.5 Dodging
 - Level 1.0 Stealth
 - Level 4.8 Unarmed Combat
 - Level 2.0 Spellcasting
 + Level 1.9 Conjurations
   Level 0.6 Summonings
   Level 0.6 Translocations
 + Level 1.4 Air Magic
 + Level 1.6 Poison Magic


You had 2 spell levels left.
You knew the following spells:

 Your Spells              Type           Power        Failure   Level  Hunger
a - Magic Dart            Conj           #...         10%         1    #......
e - Mephitic Cloud        Conj/Pois/Air  #.......     32%         3    ###....


Dungeon Overview and Level Annotations

Branches:
Dungeon (1/1)

Altars:


Innate Abilities, Weirdness & Mutations

You are too large for most types of armour.
You have claws for hands.
Your metabolism is lightning-fast.
You like to eat raw meat.
Your natural rate of healing is unusually fast.
You are covered in fur. (AC +1)
You have very tough skin. (AC +2)


Message History

The water elemental is lightly damaged.
The water elemental barely misses you.
You completely miss the water elemental.
The water elemental is lightly damaged.
The water elemental barely misses you.
You barely miss the water elemental.
The water elemental is lightly damaged.
The water elemental hits you.
The water elemental engulfs you in water!
You scratch the water elemental but do no damage.
The water elemental is lightly damaged.
Your lungs strain for air!
The water elemental hits you.
Unknown command.
You scratch the water elemental but do no damage.
The water elemental is lightly damaged.
* * * LOW HITPOINT WARNING * * *
Your lungs strain for air!
The water elemental hits you!
You die...

▓▓▓▓▓▓▓▓▓▓▓▓▓ ▓▓▓
▓<.#..'.....♣♣ ♣.#
▓..#..#....♣.♣ ♣.#
▓#'####......♣ ♣.#
▓.@...#....≈.♣ ♣.#
▓..E..#...≈≈♣♣♣♣♣.#
▓.....#..≈≈≈≈♣..♣.'
▓####'#..≈≈≈≈≈≈♣♣.#
▓...[÷#.≈≈≈≈≈≈....#
▓.....#.≈≈≈≈≈.....#
▓.....#.≈≈≈.......#
▓'#####...........#
▓.................#


You could see a water elemental.

Vanquished Creatures
  Jessica (D)
  A human (D)
  A wolf (D)
  An ooze (D)
  2 rats (D)
6 creatures vanquished.

Vanquished Creatures (others)
  A draconian scorcher (D)
  4 hellions (D)
  A yaktaur (D)
  2 plants (D)
8 creatures vanquished.

Grand Total: 14 creatures vanquished

Notes
Turn   | Place    | Note
-------+----------+-------------------------------------------
     0 | D        | letownia2 the Troll Wizard began the quest for the Orb.
     0 | D        | Reached XP level 1. HP: 16/16 MP: 2/2
     7 | D        | Reached skill level 1 in Fighting
     7 | D        | Reached skill level 2 in Unarmed Combat
    33 | D        | Noticed Jessica
    39 | D        | Killed Jessica
    39 | D        | Reached skill level 4 in Unarmed Combat
    39 | D        | Reached XP level 2. HP: 22/29 MP: 4/4
    39 | D        | Reached XP level 3. HP: 27/36 MP: 5/5
    44 | D        | Learned a level 3 spell: Mephitic Cloud
    73 | D        | Killed a yaktaur
    78 | D        | Reached skill level 1 in Conjurations
    78 | D        | Reached skill level 1 in Poison Magic
    82 | D        | Killed a hellion
    93 | D        | Killed a hellion
   102 | D        | Killed a hellion
   113 | D        | Reached skill level 1 in Air Magic
   139 | D        | Killed a white draconian scorcher
   154 | D        | Killed a hellion
   164 | D        | Noticed a water elemental
   199 | D        | Slain by a water elemental

Skill      XL: |  1  2  3 |
---------------+----------+-----
Fighting       | 2 |  2.7
Unarmed Combat | 4 |  4.8
Conjurations   | 1 |  1.9
Poison Magic   | 1 |  1.6
Air Magic      | 1 |  1.4
Dodging        | |  1.5
Stealth        | |  1.0
Spellcasting   | |  2.0
Summonings     | |  0.6
Translocations | |  0.6

Action                   || total
-------------------------++-------
Melee: Unarmed           ||    28
 Cast: Mephitic Cloud    ||     1
  Eat: Chunk             ||     6
Armor: Robe              ||     6
Dodge: Dodged            ||     7
